 Dungeon Crawl Stone Soup version 0.15-b1-93-gfe3f9bc (webtiles) character file.

714538 lisu the Shatterer (level 27, -19/256 (261) HPs)
             Began as a Minotaur Fighter on Aug 13, 2014.
             Was the Champion of Makhleb.
             Killed from afar by a starcursed mass (20 damage)
             ... with an accursed screaming
             ... on Level 5 of the Abyss on Aug 20, 2014.
             The game lasted 17:44:27 (93197 turns).

lisu the Shatterer (Minotaur Fighter)              Turns: 93197, Time: 17:44:28

HP -19/256 (261) AC 49     Str 33 (34) XL: 27
MP  40/40        EV 22     Int  1 (7)  God: Makhleb [******]
Gold 3280        SH 19     Dex 19      Spells:  0 memorised, 26 levels left

rFire  + + .     SeeInvis +     d - +9 mace of Deelisam {holy, Int+1}
rCold  + . .     Clarity  .     Z - +12 gold dragon armour
rNeg   . . .     rCorr    .     C - +2 shield "Holizuq" {rF+ SInv}
rPois  +         rRot     .     (helmet restricted)
rElec  .         Spirit   .     c - +2 cloak {+Inv}
SustAb .         Warding  .     W - +2 pair of gloves
rMut   +         Rnd*Tele +     F - +2 pair of boots
Gourm  .                        h - amulet of resist mutation
MR     +++..                    Q - ring "Syis" {+Blink +Rage rPois Str+2 Int+1 SInv}
                                Y - ring of Cysm {MR+ Str+5 Dex+2}

@: lethally poisoned, exhausted, non-regenerating, badly diseased, slowed, lost
intelligence, very slow, extremely resistant to hostile enchantments, extremely
unstealthy
A: retaliatory headbutt, horns 2, blurry vision 2, screaming 1, teleportitis 1
a: Minor Destruction, Lesser Servant of Makhleb, Major Destruction, Greater
Servant of Makhleb, Renounce Religion, Evoke Blink, Evoke Berserk Rage, Evoke
Invisibility
}: 4/15 runes: barnacled, slimy, silver, gossamer


You were on level 5 of the Abyss.
You worshipped Makhleb.
Makhleb was exalted by your worship.
You were not hungry.

You visited 12 branches of the dungeon, and saw 64 of its levels.
You visited the Abyss 1 time.
You visited 2 bazaars.
You also visited: Trove.

You collected 9436 gold pieces.
You spent 6156 gold pieces at shops.

Inventory:

Hand weapons
 d - the +9 mace of Deelisam (weapon) {holy, Int+1}
   (You found it on level 1 of the Vaults)

   It has been blessed by the Shining One to cause great damage to the undead
   and demons.
   It affects your intelligence (+1).
 v - the +10 dire flail of the Warrior {antimagic, rF+}
   (You bought it in a shop on level 4 of the Orcish Mines)

   It disrupts the flow of magical energy around spellcasters and certain
   magical creatures (including the wielder).
   It protects you from fire.
Armour
 c - a +2 cloak of darkness (worn)
 C - the cursed +2 shield "Holizuq" (worn) {rF+ SInv}
   (You found it on level 3 of the Elven Halls)

   It protects you from fire.
   It enhances your eyesight.
   It has a curse placed upon it.
 F - a +2 pair of boots (worn)
 R - a +1 pair of boots of stealth
 W - a +2 pair of gloves (worn)
 Z - a +12 gold dragon armour (worn)
Magical devices
 m - a wand of teleportation (1)
 n - a wand of heal wounds (4)
 B - a wand of hasting (3)
 J - a wand of lightning (6)
Comestibles
 a - 17 meat rations
 G - 8 bread rations
 S - 3 fruits
Scrolls
 g - 2 scrolls of vulnerability
 l - a scroll of identify
 o - 8 scrolls of fear
 q - 4 scrolls of remove curse
 r - 2 scrolls of summoning
 y - 10 scrolls of teleportation
 z - 8 scrolls of recharging
 N - a scroll of fog
 V - 2 scrolls of silence
Jewellery
 h - an amulet of resist mutation (around neck)
 i - an uncursed ring of protection from magic
 j - an uncursed ring of flight
 k - the ring of the Fifty Blessings {rC+ Dex+2 Int+1}
   (You took it off a deep elf high priest on level 3 of the Elven Halls)

   [ring of protection from cold]

   It affects your intelligence (+1).
   It affects your dexterity (+2).
   It protects you from cold.
 p - an uncursed ring of sustain abilities
 t - the ring of the Sky {+Rage rN+ EV+1 Slay-1 Stlth--}
   (You took it off a deep elf death mage on level 3 of the Elven Halls)

   [ring of evasion]

   It affects your evasion (+1).
   It affects your accuracy and damage with ranged weapons and melee attacks
   (-1).
   It protects you from negative energy.
   It lets you go berserk.
   It makes you much less stealthy.
 u - the amulet "Duamuwoewi" {+Rage rC++ rN+ Int+3}
   (You bought it in a shop on level 5 of the Vaults)

   [amulet of rage]

   It affects your intelligence (+3).
   It greatly protects you from cold.
   It protects you from negative energy.
   It lets you go berserk.
 w - an uncursed ring of teleport control
 A - an uncursed amulet of clarity
 I - an uncursed amulet of warding
 L - an uncursed amulet of resist corrosion
 P - an uncursed ring of protection from fire
 Q - the ring "Syis" (right hand) {+Blink +Rage rPois Str+2 Int+1 SInv}
   (You found it on level 6 of the Pits of Slime)

   [ring of see invisible]

   It affects your strength (+2).
   It affects your intelligence (+1).
   It protects you from poison.
   It enhances your eyesight.
   It lets you blink.
   It lets you go berserk.
 Y - the ring of Cysm (left hand) {MR+ Str+5 Dex+2}
   (You took it off an ogre mage on level 15 of the Dungeon)

   [ring of protection from magic]

   It affects your strength (+5).
   It affects your dexterity (+2).
   It affects your resistance to hostile enchantments.
Potions
 b - 2 potions of heal wounds
 e - 3 potions of resistance
 f - 9 potions of curing
 s - a potion of might
 x - 3 potions of brilliance
 D - 2 potions of magic
 E - 2 potions of cancellation
 H - a potion of cure mutation
 K - a potion of agility
 T - a potion of haste
Books
 M - a Grand Grimoire {highlevel, unknown}

   This book is beyond your current level of understanding.

   Spells                             Type                      Level
   Aura of Abjuration                 Summoning                    6
   Forceful Dismissal                 Summoning                    6
   Summon Greater Demon               Summoning                    7
   Malign Gateway                     Summoning/Translocation      7
   Summon Horrible Things             Summoning                    8


   Skills:
 + Level 24.2 Fighting
 + Level 24.5 Maces & Flails
 + Level 24.1 Armour
 + Level 21.9 Dodging
 - Level 0.6 Stealth
 + Level 19.0 Shields
 + Level 21.0 Invocations
 + Level 17.2 Evocations


You had 26 spell levels left.
You didn't know any spells.

Dungeon Overview and Level Annotations

Branches:
Dungeon (15/15)            Temple (1/1) D:6             Orc (4/4) D:10
    Elf (3/3) Orc:4          Lair (8/8) D:11         Shoals (5/5) Lair:5
 Spider (5/5) Lair:4        Slime (6/6) Lair:7       Vaults (5/5) D:14
  Crypt (3/3) Vaults:2       Tomb (0/3) Crypt:3      Depths (5/5) D:15
    Zot (4/5) Depths:5

Altars:
Ashenzari
Cheibriados
Dithmenos
Elyvilon
Fedhas
Kikubaaqudgha
Makhleb
Nemelex Xobeh
Okawaru
Qazlal
Sif Muna
Trog
Xom
Yredelemnul
Zin
The Shining One
Jiyva
Lugonu

Shops:
D:7 =   D:12 ![   Orc:4 }??(*   Elf:3 !   Vaults:1 ([![   Vaults:2 *
Vaults:4 %   Vaults:5 =   Depths:1 :

Portals:
Hell: Depths:1 Depths:2 Depths:3 Depths:4 Depths:5
Abyss: Depths:1 Depths:4
Pandemonium: Depths:3
Ziggurat: Depths:4


Innate Abilities, Weirdness & Mutations

You reflexively headbutt those who attack you in melee.
You have a pair of horns on your head.
[Your vision is quite blurry.]
[You occasionally shout uncontrollably at your foes.]
[Space occasionally distorts in your vicinity.]


Message History

The orange demon closely misses you. The ynoxinul misses you.
The large abomination completely misses you.
The smoke demon gestures at you. The ball of steam hits you!
The rakshasa barely misses you. The ufetubus closely misses you.
You furiously retaliate!
You headbutt the ufetubus! The ufetubus misses you.
You block the large abomination's attack.
The starcursed mass barely misses you. The starcursed mass closely misses you.
The starcursed mass completely misses you.
The orange demon stings you but does no damage. x3
You block the orange demon's attack.
The large abomination completely misses you.
You furiously retaliate!
You headbutt the large abomination.
You hear a grinding noise.
The ynoxinul gestures.
The smoke demon completely misses you. You furiously retaliate!
You headbutt the smoke demon! The smoke demon misses you.
The smoke demon hits you but does no damage.
A cacophony of accursed wailing tears at your sanity!
You die...

.#.#.#.
###.#...# .
#........ #
#.........#
#.........#
#.X5XXX...#
#.5R34XX..#
#5XXX44X5.#
#.3@343Xx.#
#.3XX5555.#
#...XX545X....
#.#....*5XX.....
#...x..........
##...........
...........
......... ...


You could see 16 starcursed masses, a wretched star, a rakshasa, 5 orange
demons, 2 large abominations, a worldbinder (wandering), 2 smoke demons, a
neqoxec, 2 ynoxinuls, a small abomination and 11 ufetubi.

Vanquished Creatures
  the royal jelly (Slime:6)
  2 orbs of fire (Zot:2)
  Dissolution (Slime:5)
  Saint Roka (Crypt:3)
  Boris (Crypt:3)
  Margery (Crypt:3)
  A Killer Klown (Zot:4)
  Mara (Depths:2)
  Jory (Depths:4)
  9 golden dragons
  An electric golem (Zot:1)
  5 bone dragons
  Xtahua (Depths:4)
  the Enchantress (Depths:2)
  Nikola (Spider:4)
  A hellephant (Abyss:1)
  An Ice Fiend (Vaults:2)
  19 tentacled monstrosities
  45 large abominations
  6 liches
  2 deep elf master archers (Elf:3)
  2 deep elf blademasters (Elf:3)
  3 quicksilver dragons
  2 titans
  22 acid blobs
  6 octopode crushers
  9 storm dragons
  5 sphinxes
  2 Shadow Fiends
  13 tentacled starspawn
  2 ancient champions
  13 tengu reavers
  Rupert (Spider:2)
  2 Executioners
  Kirke (Shoals:4)
  The ghost of N0Skill the Impregnable, a mighty DDFi of Elyvilon (Elf:3)
  3 draconian monks
  16 azure jellies
  A revenant (Crypt:2)
  Roxanne (Elf:1)
  9 fire giants
  4 shadow dragons
  Ilsuiw (Shoals:5)
  12 vault wardens
  3 iron dragons
  Maud (D:14)
  4 draconian knights
  11 deep elf sorcerers
  4 draconian scorchers
  10 frost giants
  9 ghost moths
  6 emperor scorpions
  3 cacodemons
  2 balrugs
  2 orc warlords
  A ghoul (Abyss:1)
  2 draconian zealots
  4 draconian annihilators
  6 spriggan defenders
  2 reapers
  16 very ugly things
  A draconian shifter (Zot:1)
  The ghost of wortkombination the Geomancer, a powerful GrEE of Kikubaaqudgha (D:15)
  6 war gargoyles
  13 deep elf demonologists
  29 stone giants
  8 grey draconians
  An ophan (Abyss:1)
  4 draconian callers
  2 lorocyprocas
  5 dire elephants
  5 deep elf annihilators
  3 white draconians
  A salamander firebrand (Depths:5)
  4 purple draconians
  6 yellow draconians
  9 green draconians
  Azrael (D:14)
  4 mottled draconians
  8 red draconians
  11 vampire knights
  8 black draconians
  3 pale draconians
  17 ettins
  2 eidola (Abyss:4)
  7 deep elf death magi
  6 death oozes
  3 green deaths
  3 blizzard demons
  7 minotaurs
  6 merfolk impalers
  5 crystal guardians
  2 merfolk javelineers
  18 fire dragons
  43 vault guards
  5 death cobs
  5 deep elf high priests
  16 ogre magi
  7 rakshasas
  A ravenous feature mimic (Spider:5)
  19 ice dragons
  10 hydras
  20 ironheart preservers
  A naga warrior (Abyss:1)
  48 starcursed masses
  4 spriggan air magi
  Nessos (D:15)
  8 great orbs of eyes
  21 yaktaur captains
  A siren (Shoals:1)
  A ghost crab (shapeshifter) (Vaults:2)
  3 ghost crabs
  6 dancing weapons
  12 deep troll earth magi
  10 merfolk aquamancers
  2 death knights
  12 centaur warriors
  4 naga sharpshooters (Depths:5)
  22 thrashing horrors
  37 death yaks
  3 tengu warriors
  10 spriggan berserkers
  2 soul eaters
  Urug (D:14)
  5 deep troll shamans
  A titan zombie (Vaults:4)
  3 orc high priests (Orc:4)
  2 hell hogs
  5 sun demons
  3 vampire magi
  Nergalle (D:10)
  A death drake (Zot:1)
  9 shadow wraiths
  12 wretched stars
  35 skeletal warriors
  6 catoblepae
  4 titan skeletons
  A wizard (D:14)
  23 hell knights
  3 fire crabs
  12 sea snakes
  9 spatial maelstroms
  4 iron trolls
  2 ice devils
  A storm dragon skeleton (Vaults:2)
  An orb spider (shapeshifter) (D:15)
  10 deep elf knights
  A shadow demon (Abyss:5)
  11 hill giants
  33 deep trolls
  A spectral anaconda (Crypt:2)
  An anaconda zombie (Crypt:3)
  A salamander mystic (Depths:5)
  A hellion (Abyss:4)
  19 orb spiders
  4 giant orange brains
  A quicksilver dragon simulacrum (Crypt:2)
  14 orc knights
  A gelid demonspawn (Depths:3)
  Pikel (D:9)
  7 flayed ghosts
  4 unseen horrors
  2 tengu zombies
  A frost giant zombie (Crypt:2)
  2 anaconda skeletons
  21 harpies
  A golden dragon skeleton (Abyss:1)
  6 orc sorcerers
  7 deep elf summoners
  16 ironbrand convokers
  12 deep elf conjurers
  16 necromancers
  A lindwurm (Shoals:4)
  A harpy (shapeshifter) (D:9)
  2 fire giant zombies
  11 cyclopes
  32 wolf spiders
  2 stone giant zombies
  4 red wasps
  2 manticores (shapeshifter)
  13 griffons
  7 manticores
  7 sixfirhies
  3 sphinx skeletons (Vaults:2)
  5 shining eyes
  2 shadow dragon skeletons
  2 salamanders (Depths:5)
  3 fauns
  2 fire giant skeletons
  14 phantasmal warriors
  A draconian (shapeshifter) (Vaults:3)
  2 oklob plants
  51 ugly things
  2 apocalypse crabs
  A centaur zombie (D:13)
  22 moths of wrath
  A cyclops (shapeshifter) (Depths:3)
  5 worldbinders
  9 mermaids
  2 stone giant skeletons
  10 elephants
  28 small abominations
  A shock serpent zombie (Crypt:3)
  A molten gargoyle (Lair:6)
  A frost giant skeleton (Abyss:1)
  5 water nymphs
  3 black mambas
  An eye of devastation (shapeshifter) (Vaults:2)
  2 tormentors (Elf:3)
  A torpor snail (shapeshifter) (Depths:2)
  3 guardian serpents
  8 komodo dragons
  2 storm dragon simulacra
  4 torpor snails
  2 dire elephant zombies
  9 kobold demonologists
  A guardian serpent (shapeshifter) (Depths:2)
  5 orange demons
  22 vault sentinels
  A gargoyle (D:10)
  A black mamba (shapeshifter) (Vaults:2)
  2 naga magi (Abyss:1)
  2 eyes of devastation
  11 spiny frogs
  4 centaur skeletons
  2 dire elephant skeletons (Crypt:1)
  An iron devil (Abyss:1)
  16 ancient zymes
  2 fire drakes
  9 freezing wraiths
  14 smoke demons
  61 yaktaurs
  A pale draconian skeleton (Crypt:2)
  3 hellwings
  17 deep elf priests
  Grinder (D:5)
  10 trolls
  2 tengu conjurers
  2 blue devils
  15 demonic crawlers
  32 jumping spiders
  3 silent spectres
  3 hydra zombies
  A merfolk (shapeshifter) (Vaults:4)
  23 merfolk
  4 polar bears
  A polar bear (shapeshifter) (Elf:3)
  31 raiju
  A red devil (Elf:3)
  An iron troll skeleton (Crypt:2)
  2 baby alligators (shapeshifter)
  A wind drake (Shoals:5)
  14 blink frogs
  117 slime creatures
  2 fire dragon zombies
  3 hydra skeletons
  A stone giant simulacrum (Vaults:2)
  A jumping spider (shapeshifter) (Elf:2)
  28 two-headed ogres
  A raven (shapeshifter) (Depths:5)
  12 snapping turtles
  An ettin zombie (Crypt:3)
  10 boulder beetles
  13 ravens
  A griffon zombie (D:11)
  9 air elementals
  A snapping turtle (shapeshifter) (Vaults:5)
  4 human simulacra
  2 ettin skeletons
  32 trapdoor spiders
  11 tarantellas
  A basilisk (shapeshifter) (Abyss:4)
  A spriggan (shapeshifter) (Elf:3)
  A black mamba zombie (Crypt:3)
  36 flying skulls
  24 water elementals
  A deep troll skeleton (Depths:1)
  15 shadows
  A hill giant zombie (Crypt:1)
  19 deep elf magi
  A fire dragon skeleton (D:10)
  A human (shapeshifter) (Depths:3)
  A hog (shapeshifter) (Vaults:3)
  19 hippogriffs
  19 neqoxecs
  4 golden eyes
  41 redbacks
  3 fire bats (Abyss:4)
  15 wraiths
  5 humans (Depths:2)
  2 wyverns (D:14)
  A vampire (Depths:1)
  12 ynoxinuls
  5 fire elementals
  2 tarantellas (shapeshifter)
  8 spriggans
  A steam dragon (Lair:5)
  63 yaks
  Grum (D:11)
  5 hungry ghosts
  5 hogs (Shoals:4)
  33 deep elf fighters
  9 wargs
  A putrid demonspawn zombie (Crypt:2)
  14 swamp worms (Lair:6)
  2 soldier ants (shapeshifter)
  19 vampire mosquitoes
  A yaktaur simulacrum (Vaults:1)
  4 porcupines
  A mottled dragon (D:10)
  18 hell hounds
  2 soldier ants
  19 wolves
  10 chaos spawn
  4 nagas (Depths:5)
  5 spatial vortices (Abyss:1)
  4 wandering mushrooms (D:9)
  16 water moccasins
  An ettin simulacrum (Crypt:3)
  An orc zombie (Vaults:2)
  A porcupine (shapeshifter) (Vaults:3)
  5 ice beasts
  5 sky beasts
  48 orc warriors
  23 spiders
  A manticore zombie (Crypt:1)
  7 phantoms
  A tengu (shapeshifter) (Depths:3)
  A blink frog zombie (Crypt:1)
  2 black bears
  A yellow wasp (shapeshifter) (Vaults:5)
  3 boring beetles
  7 yellow wasps
  An elf skeleton (Vaults:2)
  5 necrophages
  18 crocodiles
  34 centaurs
  46 ogres
  17 boggarts
  5 big kobolds
  3 snapping turtle skeletons (Crypt:3)
  Sigmund (D:2)
  4 lost souls
  Duvessa (D:6)
  3 brain worms
  A manticore skeleton (Crypt:2)
  A yaktaur zombie (Crypt:2)
  An elf zombie (Crypt:3)
  Blork the orc (D:6)
  A merfolk simulacrum (Crypt:2)
  A cyclops zombie (D:10)
  An ogre simulacrum (Vaults:1)
  23 giant frogs
  6 scorpions
  9 human skeletons
  6 eyes of draining
  A manticore simulacrum (D:14)
  17 killer bees
  A boulder beetle zombie (Crypt:2)
  A cyclops skeleton (D:11)
  A hippogriff zombie (Crypt:1)
  2 troll zombies
  A hippogriff skeleton (Crypt:1)
  2 oklob saplings (D:9)
  2 elf simulacra
  9 electric eels
  A troll skeleton (D:9)
  3 yak skeletons
  16 wights
  19 crimson imps
  Dowan (D:6)
  3 goliath beetles
  7 quasits
  2 giant frog zombies
  2 lava snakes
  36 jellies
  A human zombie (Crypt:3)
  14 hounds
  7 iron imps
  43 orc wizards
  28 orc priests
  Natasha (twice) (D:4)
  16 iguanas
  10 worker ants
  A killer bee zombie (D:8)
  32 sheep
  An ogre zombie (D:8)
  A big kobold zombie (D:10)
  A big kobold skeleton (D:9)
  2 tengu skeletons
  A hound skeleton (D:5)
  A mummy (D:13)
  A worker ant zombie (D:8)
  6 gnolls
  61 green rats
  A swamp drake skeleton (Crypt:1)
  23 adders
  9 shadow imps
  5 white imps
  8 worms
  30 ufetubi
  2 giant eyeballs (Depths:5)
  173 orcs
  14 bats
  A bat skeleton (D:5)
  9 giant cockroaches
  26 hobgoblins
  5 jackals (D:5)
  35 kobolds
  A ball python (D:1)
  4 giant geckos
  10 giant newts
  A giant newt skeleton (D:4)
  2 giant spores
  19 goblins
  A green rat skeleton (Crypt:2)
  2 hobgoblin zombies
  A jackal zombie (D:6)
  6 orc skeletons
  19 quokkas
  23 rats
  3 ballistomycetes
  3 crawling corpses
  A fungus (Lair:8)
  3 plants
  13 starspawn tentacles
3641 creatures vanquished.

Vanquished Creatures (collateral kills)
  An ancient lich (Crypt:3)
  A golden dragon (Depths:1)
  A lich (Crypt:3)
  Gastronok (Orc:1)
  Snorg (Lair:3)
  A yaktaur captain (Depths:2)
  An ice dragon (Lair:2)
  A spriggan air mage (Depths:2)
  A hydra (Lair:3)
  A komodo dragon (Lair:3)
  A water elemental (Depths:2)
  2 spriggans (Depths:2)
  A warg (Orc:3)
  A hell hound (Depths:2)
  2 yellow wasps (Depths:2)
  A crocodile (Lair:2)
  A giant frog (Lair:2)
  A hound (Lair:2)
  4 green rats
24 creatures vanquished.

Vanquished Creatures (others)
  Norris (Depths:2)
  2 Executioners
  A draconian scorcher (Abyss:1)
  3 balrugs
  5 cacodemons
  A blizzard demon (Orc:3)
  2 green deaths
  A hydra (Zot:1)
  A soul eater (Elf:3)
  A deep elf knight (Elf:1)
  A deep elf summoner (Elf:3)
  A deep troll (Vaults:4)
  A wolf spider (Spider:2)
  3 drowned souls (Shoals:1)
  A deep elf priest (Elf:3)
  A two-headed ogre (Vaults:5)
  A deep elf mage (Elf:3)
  A yak (Lair:5)
  A ynoxinul (Abyss:1)
  A human (Shoals:4)
  A deep elf fighter (Elf:2)
  A slave (D:9)
  A centaur (D:9)
  A boggart (Depths:1)
  9 lost souls
  3 ufetubi
  An orc (Vaults:5)
  8 fungi
  24 plants
  27 starspawn tentacles
  88 starspawn tentacle segments
194 creatures vanquished.

Grand Total: 3859 creatures vanquished

Notes
Turn   | Place    | Note
--------------------------------------------------------------
     0 | D:1      | lisu, the Minotaur Fighter, began the quest for the Orb.
     0 | D:1      | Reached XP level 1. HP: 19/19 MP: 1/1
   160 | D:1      | Reached XP level 2. HP: 21/27 MP: 1/1
   439 | D:1      | Reached skill level 4 in Fighting
   818 | D:2      | Noticed Sigmund
  1001 | D:3      | Reached XP level 3. HP: 29/33 MP: 2/2
  1035 | D:3      | Reached skill level 1 in Dodging
  1071 | D:3      | Found a shattered altar of Ashenzari.
  1079 | D:3      | Reached XP level 4. HP: 21/41 MP: 2/2
  1145 | D:3      | Found a stormy altar of Qazlal.
  1247 | D:3      | Found a deep blue altar of Sif Muna.
  1840 | D:2      | Found a snail-covered altar of Cheibriados.
  1884 | D:2      | Killed Sigmund
  1884 | D:2      | Reached XP level 5. HP: 33/47 MP: 2/2
  2323 | D:4      | Reached skill level 5 in Armour
  2333 | D:4      | Upgraded the game from 0.15-b1-63-g828a17f to 0.15-b1-71-g5463ceb
  2401 | D:4      | Reached XP level 6. HP: 55/55 MP: 3/3
  2501 | D:4      | Reached skill level 5 in Fighting
  2501 | D:4      | Reached skill level 5 in Shields
  2599 | D:4      | Found a shadowy altar of Dithmenos.
  2625 | D:4      | Noticed Natasha
  2631 | D:4      | Killed Natasha
  2784 | D:4      | Noticed an ogre
  2792 | D:4      | Killed an ogre
  2869 | D:4      | Noticed Natasha
  2878 | D:4      | Killed Natasha
  3151 | D:5      | Entered Level 5 of the Dungeon
  3419 | D:5      | Reached XP level 7. HP: 61/61 MP: 3/3
  3602 | D:5      | Noticed Grinder
  3607 | D:5      | Paralysed by Grinder for 3 turns
  3616 | D:5      | Killed Grinder
  3616 | D:5      | Reached skill level 5 in Maces & Flails
  4363 | D:5      | Reached skill level 6 in Shields
  4494 | D:6      | Reached XP level 8. HP: 70/70 MP: 3/3
  4505 | D:6      | Found a snail-covered altar of Cheibriados.
  4507 | D:6      | Found a glowing silver altar of Zin.
  4526 | D:6      | Got a shimmering plate armour
  4729 | D:6      | Noticed Dowan
  4730 | D:6      | Noticed Duvessa
  4740 | D:6      | Killed Dowan
  4761 | D:6      | Killed Duvessa
  4820 | D:6      | Found a burning altar of Makhleb.
  4820 | D:6      | Found a glowing golden altar of the Shining One.
  4820 | D:6      | Found a bloodstained altar of Trog.
  4830 | D:6      | Became a worshipper of Makhleb the Destroyer
  4872 | D:6      | Found a staircase to the Ecumenical Temple.
  5071 | Temple   | Entered the Ecumenical Temple
  5267 | D:6      | Noticed Blork the orc
  5280 | D:6      | Killed Blork the orc
  5410 | D:6      | Reached skill level 7 in Shields
  5456 | D:7      | Found an iron altar of Okawaru.
  5850 | D:7      | Found a glowing golden altar of the Shining One.
  5943 | D:7      | Acquired Makhleb's first power
  5956 | D:7      | Reached XP level 9. HP: 59/78 MP: 4/4
  6077 | D:7      | Found Goanlo's Jewellery Emporium.
  6098 | D:7      | Bought an uncursed amulet of guardian spirit for 360 gold pieces
  6295 | D:7      | Reached skill level 8 in Shields
  6309 | D:7      | Reached skill level 5 in Dodging
  6840 | D:8      | Acquired Makhleb's second power
  7154 | D:8      | Reached skill level 1 in Invocations
  8102 | D:9      | Noticed Pikel
  8112 | D:9      | Killed Pikel
  8112 | D:9      | Reached skill level 9 in Shields
  8112 | D:9      | Reached XP level 10. HP: 83/88 MP: 7/10
  8367 | D:9      | Acquired Makhleb's third power
  8510 | D:9      | Found a blossoming altar of Fedhas.
  8518 | D:9      | Reached skill level 5 in Invocations
  8796 | D:9      | Noticed a fire dragon
  8806 | D:9      | Noticed a tengu warrior
  8860 | D:10     | Entered Level 10 of the Dungeon
  8864 | D:10     | Noticed Nergalle
  8904 | D:10     | Killed Nergalle
  9215 | D:10     | Noticed a hill giant
  9226 | D:10     | Killed a hill giant
  9514 | D:10     | Reached XP level 11. HP: 95/95 MP: 18/18
  9564 | D:10     | Found a staircase to the Orcish Mines.
  9726 | D:10     | Acquired Makhleb's fourth power
 10760 | D:11     | Reached skill level 10 in Shields
 10813 | D:11     | Noticed Grum
 10828 | D:11     | Killed Grum
 10830 | D:11     | Reached skill level 10 in Maces & Flails
 10991 | D:11     | Found a staircase to the Lair.
 11041 | D:11     | Acquired Makhleb's fifth power
 11196 | D:11     | Reached skill level 10 in Armour
 11837 | Lair:1   | Entered Level 1 of the Lair of Beasts
 12324 | Lair:1   | Reached XP level 12. HP: 105/105 MP: 18/20
 12651 | Lair:1   | Noticed a catoblepas
 12659 | Lair:1   | Killed a catoblepas
 12732 | Lair:1   | Reached skill level 11 in Shields
 12797 | Lair:2   | Noticed an eight-headed hydra
 12803 | Lair:2   | Killed an eight-headed hydra
 12850 | Lair:2   | Reached skill level 10 in Fighting
 12867 | Lair:2   | Noticed an ice dragon
 12873 | Lair:2   | Killed an ice dragon
 13649 | Lair:2   | Identified the +15 plate armour "Psua" {Dex+1 Int+2} (You found it on level 6 of the Dungeon)
 13716 | Lair:3   | Noticed Snorg
 13721 | Lair:3   | Killed Snorg
 13752 | Lair:3   | Noticed an eight-headed hydra
 13756 | Lair:3   | Killed an eight-headed hydra
 14823 | Lair:4   | Upgraded the game from 0.15-b1-71-g5463ceb to 0.15-b1-75-g4bcc167
 14847 | Lair:4   | Reached XP level 13. HP: 115/115 MP: 23/23
 14888 | Lair:4   | Found an iron altar of Okawaru.
 15036 | Lair:4   | Found a hole to the Spider Nest.
 15315 | Lair:4   | Reached skill level 12 in Shields
 16061 | Lair:5   | Reached skill level 10 in Invocations
 16150 | Lair:5   | Found a shadowy altar of Dithmenos.
 16512 | Lair:5   | Found a staircase to the Shoals.
 16766 | Lair:2   | Gained mutation: You can spit poison. [potion of beneficial mutation]
 17483 | Lair:6   | Identified the Handbook of Shape Shifting and Stones
 17567 | Lair:6   | Reached XP level 14. HP: 125/125 MP: 22/24
 18167 | Lair:7   | Found a staircase to the Slime Pits.
 18168 | Lair:7   | Found a viscous altar of Jiyva.
 18364 | Lair:7   | Reached skill level 13 in Maces & Flails
 18567 | Lair:7   | Reached skill level 10 in Dodging
 19124 | Orc:1    | Entered Level 1 of the Orcish Mines
 19230 | Orc:1    | Noticed Gastronok
 19255 | Orc:1    | Killed Gastronok
 19813 | Orc:2    | Found a shimmering altar of Xom.
 20453 | Orc:3    | Noticed an orc warlord
 20462 | Orc:3    | Killed an orc warlord
 20522 | Orc:3    | Reached skill level 1 in Evocations
 21326 | D:9      | Noticed a hill giant
 21327 | D:9      | Noticed a harpy
 21332 | D:9      | Killed a hill giant
 21334 | D:9      | Killed a harpy
 21532 | D:12     | Found Kleol's Distillery.
 21646 | D:12     | Found Cuzoat's Armour Shoppe.
 21690 | D:12     | Bought a +0 cloak of poison resistance for 119 gold pieces
 22240 | D:13     | Got a fine ring mail
 23433 | D:14     | Noticed Urug
 23449 | D:14     | Killed Urug
 23471 | D:14     | Reached XP level 15. HP: 127/135 MP: 26/26
 23692 | D:14     | Noticed Azrael
 23736 | D:14     | Killed Azrael
 23877 | D:14     | Noticed Maud
 23891 | D:14     | Killed Maud
 24076 | D:14     | Reached skill level 14 in Shields
 24127 | D:14     | Found a gate to the Vaults.
 24312 | D:15     | Entered Level 15 of the Dungeon
 24355 | D:15     | Lost mutation: You can spit poison. [potion of cure mutation]
 24426 | D:15     | Found a stormy altar of Qazlal.
 24721 | D:15     | Found a staircase to the Depths.
 24724 | D:15     | Got a slimy wooden ring
 24781 | D:15     | Gained mutation: You are resistant to hostile enchantments. [potion of mutation]
 24781 | D:15     | Gained mutation: You are resistant to electric shocks. [potion of mutation]
 24781 | D:15     | Gained mutation: Your flesh is cold resistant. [potion of mutation]
 24854 | D:15     | Noticed wortkombination's ghost (powerful GrEE)
 24910 | D:15     | Killed wortkombination's ghost
 24916 | D:15     | Identified the ring of Cysm {MR+ Str+5 Dex+2} (You took it off an ogre mage on level 15 of the Dungeon)
 24956 | D:15     | Got a pitted mace
 24957 | D:15     | Identified the +3 mace of Biluiv {holy, +Blink} (You took it off a tengu warrior on level 15 of the Dungeon)
 25543 | D:15     | Noticed Nessos
 25568 | D:15     | Killed Nessos
 25655 | D:15     | Got an ancient ring mail
 26093 | Lair:8   | Entered Level 8 of the Lair of Beasts
 26098 | Lair:8   | Identified the cursed +0 ring mail of Impressiveness {Str+2 Dex-2} (You found it on level 15 of the Dungeon)
 26756 | Lair:8   | Reached XP level 16. HP: 145/145 MP: 23/28
 27045 | Lair:8   | Got a faintly glowing plate armour
 27678 | Lair:2   | Identified the +11 plate armour "Siasafuano" {Dex+2 Int+5} (You found it on level 8 of the Lair of Beasts)
 27679 | Lair:2   | Identified the cursed -5 ring mail of Parts Unknown {Slay-6} (You found it on level 13 of the Dungeon)
 27780 | Orc:4    | Entered Level 4 of the Orcish Mines
 27909 | Orc:4    | Found a staircase to the Elven Halls.
 28190 | Orc:4    | Found Hyssafiudiw's General Store.
 28190 | Orc:4    | Found Clupa's Magic Scroll Boutique.
 28192 | Orc:4    | Found Ekeeb's Magic Scroll Boutique.
 28192 | Orc:4    | Found Khiegiaq's Weapon Emporium.
 28238 | Orc:4    | Bought the +10 dire flail of the Warrior {antimagic, rF+} for 952 gold pieces
 28499 | Orc:4    | Found Bialarepait's Gadget Emporium.
 28502 | Orc:4    | Bought a wand of heal wounds (8) for 1152 gold pieces
 29018 | Shoals:1 | Entered Level 1 of the Shoals
 29499 | Shoals:1 | Reached skill level 15 in Shields
 30137 | Shoals:2 | Reached skill level 15 in Maces & Flails
 30755 | Shoals:3 | Gained mutation: You can breathe flames. [potion of beneficial mutation]
 31137 | Shoals:4 | Reached skill level 5 in Evocations
 31277 | Shoals:4 | Noticed Kirke
 31305 | Shoals:4 | Killed Kirke
 31512 | Shoals:4 | Reached skill level 15 in Armour
 32072 | Slime:1  | Entered Level 1 of the Pits of Slime
 32154 | Spider:1 | Entered Level 1 of the Spider Nest
 32347 | Spider:1 | Reached XP level 17. HP: 154/154 MP: 9/29
 33596 | Spider:2 | Noticed Rupert
 33617 | Spider:2 | Killed Rupert
 33617 | Spider:2 | Reached skill level 15 in Fighting
 33749 | Spider:2 | Upgraded the game from 0.15-b1-75-g4bcc167 to 0.15-b1-82-g4aef8f9
 34971 | Spider:4 | Noticed Nikola
 34984 | Spider:4 | Killed Nikola
 35739 | Orc:4    | Bought a scroll of identify for 30 gold pieces
 35739 | Orc:4    | Bought a scroll of identify for 30 gold pieces
 35742 | Orc:4    | Bought a scroll of identify for 36 gold pieces
 36030 | Elf:1    | Entered Level 1 of the Elven Halls
 36182 | Elf:1    | Noticed Roxanne
 37215 | Elf:1    | Killed Roxanne
 37228 | Elf:1    | Identified Roxanne's Handbook of Clay (You took it off Roxanne on level 1 of the Elven Halls)
 37837 | Elf:2    | Found a shimmering altar of Xom.
 38698 | Depths:1 | Entered Level 1 of the Depths
 39269 | Shoals:5 | Entered Level 5 of the Shoals
 39269 | Shoals:5 | Noticed Ilsuiw
 39312 | Shoals:4 | Reached skill level 16 in Shields
 39603 | Shoals:5 | Killed Ilsuiw
 39808 | Shoals:5 | Reached XP level 18. HP: 165/165 MP: 10/30
 39902 | Shoals:5 | Got a barnacled rune of Zot
 40055 | Shoals:5 | Identified the Incunabulum of Ice
 40995 | Depths:1 | Found Guasu's Book Emporium.
 40999 | Depths:1 | Found a one-way gate to the infinite horrors of the Abyss.
 41283 | Depths:1 | Found a portal to a secret trove of treasure.
 41369 | Depths:1 | Noticed a golden dragon
 41405 | Depths:1 | Killed a golden dragon
 41740 | Depths:1 | Found a gateway to Hell.
 41877 | Depths:1 | Noticed a tentacled monstrosity
 41887 | Depths:1 | Killed a tentacled monstrosity
 41913 | Depths:1 | Identified Sif Muna's Collected Works on Aerial Protection
 42474 | Spider:5 | Entered Level 5 of the Spider Nest
 42682 | Spider:5 | Reached XP level 19. HP: 172/172 MP: 4/31
 43337 | Spider:5 | Reached skill level 17 in Shields
 43469 | Spider:5 | Got a gossamer rune of Zot
 43514 | Spider:5 | Upgraded the game from 0.15-b1-82-g4aef8f9 to 0.15-b1-90-gf40f08b
 44016 | Elf:3    | Entered Level 3 of the Elven Halls
 44239 | Elf:3    | Found Yduomn's Distillery.
 44298 | Elf:3    | Noticed N0Skill's ghost (mighty DDFi)
 44319 | Elf:3    | Killed N0Skill's ghost
 44443 | Elf:3    | Got a smoking ivory ring
 44467 | Elf:3    | Got a fine granite ring
 44750 | Lair:2   | Identified the ring of Ladiwni {rF+ Str-2} (You took it off a deep elf fighter on level 3 of the Elven Halls)
 44752 | Lair:2   | Identified the ring "Fousch" {Wiz SInv} (You took it off a deep elf mage on level 3 of the Elven Halls)
 45215 | Depths:2 | Noticed the Enchantress
 45229 | Depths:2 | Noticed Norris
 45251 | Depths:2 | Killed Norris
 45334 | Depths:2 | Reached skill level 15 in Dodging
 45570 | Depths:2 | Noticed Mara
 46405 | Elf:3    | Reached XP level 20. HP: 101/184 MP: 6/32
 46648 | Elf:3    | Reached skill level 15 in Invocations
 46664 | Elf:3    | Gained mutation: You have a pair of large horns on your head. [a cacodemon]
 47092 | Elf:3    | Got a pitted amber ring
 47212 | Elf:3    | Got an ancient amber ring
 47240 | Elf:3    | Got a pitted flail
 47487 | Lair:2   | Identified the ring of the Fifty Blessings {rC+ Dex+2 Int+1} (You took it off a deep elf high priest on level 3 of the Elven Halls)
 47489 | Lair:2   | Identified the ring of the Sky {+Rage rN+ EV+1 Slay-1 Stlth--} (You took it off a deep elf death mage on level 3 of the Elven Halls)
 47493 | Lair:2   | Identified the cursed +0 flail of Smajiwn {flame, Dex+2} (You took it off a deep elf death mage on level 3 of the Elven Halls)
 47701 | Orc:4    | Bought a scroll of enchant armour for 135 gold pieces
 48109 | Elf:3    | Got a steaming shield
 48377 | Lair:2   | Identified the cursed +2 shield "Holizuq" {rF+ SInv} (You found it on level 3 of the Elven Halls)
 48762 | Depths:2 | Killed Mara
 49119 | Depths:2 | Killed the Enchantress
 49359 | Depths:2 | Reached skill level 10 in Evocations
 49431 | Depths:2 | Got a transparent brass ring
 49645 | Depths:2 | Found a burning altar of Makhleb.
 49919 | Depths:2 | Reached skill level 18 in Maces & Flails
 50752 | Vaults:1 | Entered Level 1 of the Vaults
 50767 | Vaults:1 | Found Pykhoeso's Antique Armour Boutique.
 51339 | Vaults:1 | Found Ghet's Antique Weapon Shoppe.
 51355 | Vaults:1 | Found Offiwuarch's Distillery.
 51366 | Vaults:1 | Bought a potion of resistance for 133 gold pieces
 51422 | Vaults:1 | Got a smoking mace
 51797 | Vaults:1 | Found Twa Chur's Antique Armour Shop.
 51805 | Vaults:1 | Bought a twisted plate armour for 784 gold pieces
 52287 | Lair:2   | Identified the +9 mace of Deelisam {holy, Int+1} (You found it on level 1 of the Vaults)
 52305 | Lair:2   | Identified the cursed -2 plate armour of Ghuvy {Str-5 Int+3} (You bought it in a shop on level 1 of the Vaults)
 52592 | Depths:1 | You paid a toll of a +6 demon blade to enter a treasure trove
 52593 | Trove    | Entered a treasure trove
 52921 | Lair:2   | Identified the cursed ring of Ekkuosat {Str-4 Dex-5} (You took it off a hell knight on level 2 of the Depths)
 53637 | Vaults:2 | Reached XP level 21. HP: 190/194 MP: 11/34
 53919 | Vaults:2 | Found Stezafai's General Store.
 54855 | Vaults:2 | Found a staircase to the Crypt.
 57569 | Vaults:4 | Reached skill level 19 in Maces & Flails
 57715 | Vaults:4 | Reached XP level 22. HP: 204/204 MP: 11/35
 58025 | Vaults:4 | Found Nimaemoh's Food Shop.
 59142 | Lair:2   | Identified a scroll of acquirement
 59143 | Lair:2   | Got an ancient cloak
 59155 | Lair:2   | Identified the +0 cloak of a wizard's laboratory {+Inv} (You acquired it on level 2 of the Lair of Beasts)
 59320 | Orc:4    | Bought a scroll of holy word for 135 gold pieces
 59722 | Crypt:1  | Entered Level 1 of the Crypt
 61746 | Crypt:3  | Entered Level 3 of the Crypt
 62071 | Crypt:3  | Noticed Margery
 62095 | Crypt:3  | Killed Margery
 62102 | Crypt:3  | Identified Cigotuvi's Incunabulum of Sinister Rituals (You found it on level 3 of the Crypt)
 62180 | Crypt:3  | Found an ancient bone altar of Kikubaaqudgha.
 62180 | Crypt:3  | Noticed an ancient lich
 62187 | Crypt:3  | Killed an ancient lich
 62279 | Crypt:3  | Noticed Boris
 62294 | Crypt:3  | Killed Boris
 62320 | Crypt:3  | Identified Borgnjor's Volume of Dark Secrets
 62398 | Crypt:3  | Noticed Saint Roka
 62441 | Crypt:3  | Killed Saint Roka
 62441 | Crypt:3  | Reached XP level 23. HP: 167/215 MP: 36/36
 62925 | Crypt:3  | Found a staircase to the Tomb.
 64090 | Vaults:5 | Entered Level 5 of the Vaults
 64101 | Vaults:4 | Reached skill level 20 in Maces & Flails
 64972 | Vaults:4 | Upgraded the game from 0.15-b1-90-gf40f08b to 0.15-b1-91-gafc2b96
 65503 | Vaults:5 | Got an encrusted morningstar
 65672 | Vaults:5 | Got a silver rune of Zot
 65722 | Vaults:5 | Reached XP level 24. HP: 226/226 MP: 12/37
 65858 | Vaults:5 | Upgraded the game from 0.15-b1-91-gafc2b96 to 0.15-b1-92-ge76d556
 66368 | Lair:2   | Identified the +6 morningstar of Ravage {holy, Int+1} (You took it off a deep elf sorcerer on level 5 of the Vaults)
 66715 | Vaults:5 | Reached skill level 21 in Maces & Flails
 66879 | Vaults:5 | Identified the Reference Book on Dark Rituals
 66989 | Vaults:5 | Identified Leewnen's Handbook of the Poisonous Escort
 67813 | Vaults:5 | Found Crom's Jewellery Emporium.
 67816 | Vaults:5 | Bought the amulet "Duamuwoewi" {+Rage rC++ rN+ Int+3} for 1125 gold pieces
 67816 | Vaults:5 | Bought an uncursed amulet of resist corrosion for 300 gold pieces
 68312 | Vaults:5 | Got a crude scale mail
 68698 | Lair:2   | Identified the cursed +0 scale mail of Ethrim {Str+1 Stlth--} (You found it on level 5 of the Vaults)
 68843 | D:9      | Killed a tengu warrior
 70013 | Depths:3 | Found a flickering gateway to a bazaar.
 70061 | Bazaar   | Entered a bazaar
 70071 | Bazaar   | Found Ilul's Antique Armour Shoppe.
 70075 | Bazaar   | Found Klipycil's General Store.
 70104 | Bazaar   | Found Niunorua's Distillery.
 70113 | Bazaar   | Found Asijiuf's Assorted Antiques.
 70901 | Depths:3 | Found a one-way gate leading to the halls of Pandemonium.
 71166 | Depths:4 | Found a flickering gateway to a bazaar.
 71171 | Bazaar   | Entered a bazaar
 71174 | Bazaar   | Found Lixkiecs' Antique Armour Boutique.
 71208 | Bazaar   | Found Syacvymi's Armour Emporium.
 71213 | Bazaar   | Found Cyrphus' Antique Armour Shop.
 71219 | Bazaar   | Found Zafocw's Antique Armour Emporium.
 71297 | Depths:4 | Reached XP level 25. HP: 235/235 MP: 12/38
 71333 | Depths:4 | Found a gateway to a ziggurat.
 71334 | Depths:4 | Noticed Xtahua
 71344 | Depths:4 | Killed Xtahua
 71963 | Depths:4 | Noticed Jory
 71977 | Depths:4 | Killed Jory
 73339 | Depths:5 | Entered Level 5 of the Depths
 73418 | Depths:5 | Got a transparent tin ring
 73533 | Depths:5 | Reached skill level 22 in Maces & Flails
 73659 | Depths:5 | Paralysed by a giant eyeball for 3 turns
 73826 | Depths:5 | Got a pitted lapis lazuli ring
 74033 | Depths:5 | Got a steaming silver ring
 74045 | Depths:5 | Found a gate to the Realm of Zot.
 74111 | Depths:5 | Got a smoking glass ring
 74634 | Lair:2   | Identified the ring "Unludeu" {+/*Tele Dex+2 Int+3} (You found it on level 5 of the Depths)
 74638 | Lair:2   | Identified the ring "Gor Qemi" {rPois MR+} (You found it on level 5 of the Depths)
 74642 | Lair:2   | Identified the ring "Clatt" {rF+ rC+} (You found it on level 5 of the Depths)
 74646 | Lair:2   | Identified the ring "Rivinoud" {MR+ Dex-3 Int+3} (You took it off a deep elf knight on level 5 of the Depths)
 75037 | Zot:1    | Entered Level 1 of the Realm of Zot
 75875 | Zot:1    | Reached XP level 26. HP: 236/247 MP: 13/39
 76754 | Depths:5 | Gained mutation: Armour fits poorly on your strangely shaped body. [mutagenic glow]
 77884 | Zot:1    | Paralysed by the power of Zot for 5 turns
 78381 | Zot:1    | Got a shimmering ring mail
 78973 | Lair:2   | Identified the cursed +5 ring mail "Bocsauxt" {Stlth--} (You found it on level 1 of the Realm of Zot)
 79451 | Zot:2    | Noticed an orb of fire
 79453 | Zot:2    | Noticed an orb of fire
 79454 | Zot:2    | Gained mutation: You tend to lose your temper in combat. [an orb of fire]
 79461 | Zot:2    | Gained mutation: [You occasionally shout uncontrollably at your foes.] [an orb of fire]
 79464 | Zot:2    | Gained mutation: You are weak. (Str -2) [an orb of fire]
 79469 | Zot:2    | Killed an orb of fire
 79469 | Zot:2    | Gained mutation: You are frail (-10% HP). [an orb of fire]
 79488 | Zot:2    | Killed an orb of fire
 79491 | Zot:2    | Lost mutation: Armour fits poorly on your strangely shaped body. [potion of cure mutation]
 79491 | Zot:2    | Lost mutation: You are weak. (Str -2) [potion of cure mutation]
 79491 | Zot:2    | Lost mutation: You have a pair of large horns on your head. [potion of cure mutation]
 79857 | D:12     | Bought a potion of cure mutation for 385 gold pieces
 79858 | D:12     | Lost mutation: You are frail (-10% HP). [potion of cure mutation]
 79858 | D:12     | Lost mutation: You tend to lose your temper in combat. [potion of cure mutation]
 79858 | D:12     | Lost mutation: You can breathe flames. [potion of cure mutation]
 79858 | D:12     | Lost mutation: [You occasionally shout uncontrollably at your foes.] [potion of cure mutation]
 79858 | D:12     | Lost mutation: Your flesh is cold resistant. [potion of cure mutation]
 79858 | D:12     | Lost mutation: You are resistant to hostile enchantments. [potion of cure mutation]
 80353 | D:7      | Bought an uncursed amulet of resist mutation for 480 gold pieces
 80874 | Zot:2    | Reached skill level 15 in Evocations
 81392 | Zot:2    | Reached skill level 23 in Maces & Flails
 83530 | D:15     | Reached XP level 27. HP: 256/256 MP: 13/40
 85126 | Slime:1  | Noticed an acid blob
 85133 | Slime:1  | Killed an acid blob
 85190 | Slime:1  | Noticed an acid blob
 85198 | Slime:1  | Killed an acid blob
 85340 | Slime:1  | Noticed an acid blob
 85346 | Slime:1  | Killed an acid blob
 86535 | Slime:4  | Gained mutation: You are clumsy. (Dex -2) [a shining eye]
 87082 | Slime:5  | Noticed Dissolution
 87092 | Slime:5  | Killed Dissolution
 87399 | Slime:6  | Entered Level 6 of the Pits of Slime
 87511 | Slime:6  | Noticed the royal jelly
 87525 | Slime:6  | Killed the royal jelly
 88364 | Slime:6  | Got a slimy rune of Zot
 88388 | Slime:6  | Got a scintillating jade ring
 88445 | Slime:6  | Got a flickering copper ring
 88465 | Slime:6  | Identified the Grimoire of the Entourage
 88517 | Slime:6  | Got a jewelled chain mail
 89039 | Lair:2   | Identified the +11 chain mail of Khiorgh {rC+ Curse} (You found it on level 6 of the Pits of Slime)
 89063 | Lair:2   | Identified the ring "Seakhix" {Wiz Str+3 Dex-3} (You found it on level 6 of the Pits of Slime)
 89065 | Lair:2   | Identified the ring "Syis" {+Blink +Rage rPois Str+2 Int+1 SInv} (You found it on level 6 of the Pits of Slime)
 89069 | Lair:2   | Lost mutation: You are clumsy. (Dex -2) [potion of cure mutation]
 89069 | Lair:2   | Lost mutation: You are resistant to electric shocks. [potion of cure mutation]
 89403 | Depths:1 | Voluntarily entered the Abyss.
 89948 | Abyss:1  | Found a shattered altar of Ashenzari.
 90110 | Abyss:1  | Upgraded the game from 0.15-b1-92-ge76d556 to 0.15-b1-93-gfe3f9bc
 90274 | Abyss:1  | Paralysed by accursed screaming for 1 turns
 90486 | Abyss:1  | Paralysed by you for 7 turns
 90910 | Abyss:1  | Reached skill level 24 in Maces & Flails
 91819 | Abyss:4  | Paralysed by accursed screaming for 1 turns
 91951 | Abyss:4  | Found a corrupted altar of Lugonu.
 92714 | Abyss:5  | Entered Level 5 of the Abyss
 92868 | Abyss:5  | Paralysed by accursed screaming for 2 turns
 92875 | Abyss:5  | Paralysed by accursed screaming for 1 turns
 92880 | Abyss:5  | Paralysed by accursed screaming for 2 turns
 92889 | Abyss:5  | Paralysed by accursed screaming for 1 turns
 92907 | Abyss:5  | Paralysed by accursed screaming for 1 turns
 92924 | Abyss:5  | Paralysed by accursed screaming for 1 turns
 93043 | Abyss:5  | Paralysed by accursed screaming for 1 turns
 93150 | Abyss:5  | Paralysed by accursed screaming for 1 turns
 93155 | Abyss:5  | Paralysed by accursed screaming for 2 turns
 93158 | Abyss:5  | Paralysed by accursed screaming for 2 turns
 93166 | Abyss:5  | Paralysed by accursed screaming for 2 turns
 93174 | Abyss:5  | Lost intelligence.
 93184 | Abyss:5  | Paralysed by accursed screaming for 2 turns
 93196 | Abyss:5  | HP: 5/256 [starcursed mass/accursed screaming (13)]
 93196 | Abyss:5  | Paralysed by accursed screaming for 2 turns
 93197 | Abyss:5  | HP: 1/256 [poisoned by a rakshasa]
 93197 | Abyss:5  | Killed from afar by a starcursed mass

Action                   |  1- 3 |  4- 6 |  7- 9 | 10-12 | 13-15 | 16-18 | 19-21 | 22-24 | 25-27 || total
-------------------------+-------+-------+-------+-------+-------+-------+-------+-------+-------++-------
Melee: Flail             |    97 |   151 |   385 |   230 |       |       |       |       |       ||   863
       Morningstar       |       |       |       |   336 |  1162 |       |       |       |       ||  1498
       Mace              |       |       |       |       |   228 |   254 |       |   957 |  1391 ||  2830
       Dire flail        |       |       |       |       |       |  1167 |  1709 |  1269 |  1877 ||  6022
       Unarmed           |       |       |       |       |       |       |       |       |     2 ||     2
Invok: Minor Destruction |       |       |    55 |   418 |   969 |   885 |   934 |   711 |   576 ||  4548
       Major Destruction |       |       |       |     6 |    21 |    55 |    46 |    34 |    72 ||   234
       Greater Servant o |       |       |       |     2 |     2 |     3 |     6 |     3 |     3 ||    19
 Abil: Evoke Blink       |       |       |       |       |     7 |     3 |       |       |       ||    10
       Breathe Fire      |       |       |       |       |       |     3 |       |       |       ||     3
       Stop Flying       |       |       |       |       |       |     2 |     2 |     3 |       ||     7
       Evoke Flight      |       |       |       |       |       |     2 |     2 |     3 |       ||     7
       Evoke Invisibilit |       |       |       |       |       |       |       |       |     6 ||     6
Evoke: Wand              |       |       |     7 |     5 |    13 |   103 |    35 |    54 |    43 ||   260
  Use: Scroll            |     3 |     6 |     5 |     9 |    15 |    19 |    32 |    25 |    15 ||   129
       Potion            |     2 |     1 |     3 |    13 |    11 |    10 |     6 |     8 |    12 ||    66
 Stab: Distracted        |       |       |       |       |       |     2 |     4 |     1 |       ||     7
       Paralysed         |       |       |       |       |       |       |     6 |       |       ||     6
       Confused          |       |       |       |       |       |       |       |       |     1 ||     1
       Invisible         |       |       |       |       |       |       |       |       |     6 ||     6
  Eat: Chunk             |     1 |     7 |    13 |    31 |    65 |    54 |    20 |     2 |    29 ||   222
       Pizza             |       |       |     1 |     1 |     2 |     3 |     3 |     1 |       ||    11
       Fruit             |       |       |     2 |     3 |     2 |    17 |    15 |    14 |     2 ||    55
       Beef jerky        |       |       |     1 |     1 |       |     6 |     5 |     2 |     1 ||    16
       Royal jelly       |       |       |       |       |     1 |       |     3 |       |       ||     4
       Meat ration       |       |       |       |       |       |     1 |     5 |     2 |     9 ||    17
       Bread ration      |       |       |       |       |       |       |     2 |    10 |     7 ||    19
